 Dungeon Crawl Stone Soup version 0.28-a0-1616-g050a50673c (webtiles) character file.

Game seed: 15812054219573454102

11 Peloso the Skirmisher (level 2, 27/27 HPs)
             Began as a Minotaur Fighter on Jan 22, 2022.
             Got out of the dungeon alive.
             The game lasted 00:01:12 (721 turns).

Peloso the Skirmisher (Minotaur Fighter)             Turns: 721, Time: 00:01:13

Health: 27/27      AC: 10    Str: 20    XL:     2   Next: 17%
Magic:  1/1        EV:  9    Int:  5    God:
Gold:   40         SH:  4    Dex:  9    Spells: 1/1 levels left

rFire   . . .      SeeInvis .   a - +1 long sword
rCold   . . .      Faith    .   c - +0 buckler
rNeg    . . .      Spirit   .   b - +0 scale mail
rPois   .          Reflect  .   (helmet restricted)
rElec   .          Harm     .   g - +0 cloak
rCorr   .          Rampage  .   (no gloves)
Will    .....                   (no boots)
Stlth   ..........              (no amulet)
HPRegen 0.09/turn               (no ring)
MPRegen 0.07/turn               (no ring)

@: no status effects
A: horns 2, retaliatory headbutt, iridescent scales 1, no potion heal 1
a: no special abilities


You escaped.
You visited 1 branch of the dungeon, and saw 2 of its levels.

You collected 40 gold pieces.

Inventory:

Hand Weapons
 a - a +1 long sword (weapon)
Armour
 b - a +0 scale mail (worn)
 c - a +0 buckler (worn)
 g - a +0 cloak (worn)
Jewellery
 f - a ring of magical power
Scrolls
 e - a scroll of enchant weapon
 h - a scroll of blinking {unknown}
Potions
 d - a potion of might


   Skills:
 + Level 4.0 Fighting
 + Level 2.5 Long Blades
 + Level 3.8 Armour
 + Level 3.8 Shields


You had one spell level left.
You didn't know any spells.
Your spell library was empty.

Dungeon Overview and Level Annotations

Branches:
Dungeon (2/15)

Altars:


Innate Abilities, Weirdness & Mutations

You have a pair of horns on your head.
You reflexively headbutt those who attack you in melee.
You are partially covered in iridescent scales. (AC +2)
Potions are less effective at restoring your health.


Message History

The quokka is almost dead.
You block the quokka's attack.
You slash the quokka!
You kill the quokka!
As you read the scroll labelled SEOWE GAGEGE, it crumbles to dust.
It is a scroll of identify.
i - a scroll of vulnerability You drop a scroll of vulnerability.
HP restored.
Found a stone staircase leading down.
h - a scroll labelled XUG HADA XEI A goblin comes into view.
It is wielding a +0 dagger.
The goblin shouts!
Number of times to repeat, then command key: You must enter the number of times for the command to repeat.
A goblin is nearby!
The goblin barely misses you. You furiously retaliate!
You headbutt the goblin!
You kill the goblin!
Your Fighting skill increases to level 4!
You see here a +0 dagger.
i - a dark potion
Found 7 gold pieces.
It was a potion of mutation.
You feel extremely strange.
Your system partially rejects the healing effects of potions.
Iridescent scales grow over part of your body.
(D) Dungeon
Where to? (Enter - D:12, ? - help)
What level of the Dungeon? (default 1, ? - help)
You see here a +0 dagger.
You see here a scroll of vulnerability.
There is a stone staircase leading up here.
You climb upwards.
There is a stone staircase leading down here.
There is an open door here.
There is an open door here.
You enter the shallow water.
Moving in this stuff is going to be slow.
There is a staircase leading out of the dungeon here.
Are you sure you want to leave the Dungeon?
This will make you lose the game!
You have escaped!

........#################.....#..
.......## ###.......### ##.......
......## ##...........## ##..##..
......# ##....##'##....## #.....#
......# #...####.####...# #......
####.####..##.......##..####..##.
##.# #...#..≈≈≈≈≈..#...# #..#..
###..# #..##.≈≈...≈≈.##..# #.....
.....# #..##.≈≈.@.≈≈.##..# #.##..
.....# #..##.≈≈...≈≈.##..# #.....
.....# #...#..≈≈.≈≈..#(..# #.....
.....####..##.......##..####.....
......# #...#########...# #......
......# ##....#####....## #......
###...## ##...........## ##......
#....## ###.......### ##.......
#....)########.########....#...


There were no monsters in sight!

Vanquished Creatures
  An endoplasm (D:1)
  A giant cockroach (D:1)
  A hobgoblin (D:1)
  A quokka (D:2)
  3 ball pythons (D:1)
  2 goblins
  A kobold (D:1)
  A rat (D:1)
11 creatures vanquished.

Notes
Turn   | Place    | Note
-------+----------+-------------------------------------------
     0 | D:1      | Peloso the Minotaur Fighter began the quest for the Orb.
     0 | D:1      | Reached XP level 1. HP: 19/19 MP: 0/0
   192 | D:1      | Found a faded altar of an unknown god.
   287 | D:1      | Reached XP level 2. HP: 27/27 MP: 1/1
   657 | D:2      | Reached skill level 4 in Fighting
   661 | D:2      | Gained mutation: Potions are less effective at restoring
                  | your health. [potion of mutation]
   661 | D:2      | Gained mutation: You are partially covered in iridescent
                  | scales. (AC +2) [potion of mutation]
   721 | D:$      | Got out of the dungeon alive.

Illustrated notes

Levels and vault maps discovered:
D:1:      dpeg_arrival_concentric_ovals, layout_rooms,
          nicolae_ecumenical_snake_handling, chequers_serial_rivers_micro_e
D:2:      layout_basic

Skill      XL: |  1  2 |
---------------+-------+-----
Fighting       | 4 |  4.0
Long Blades    | |  2.5
Armour         | |  3.8
Shields        | |  3.8

Action                   || total
-------------------------++-------
Melee: Long sword        ||    26
       Headbutt          ||     1
  Use: Potion            ||     2
       Scroll            ||     2
Armor: Scale mail        ||    16
Dodge: Dodged            ||    16
Block: Buckler           ||     7

Table legend: (Time is in decaauts)
 A = Elapsed time spent in this place.
 B = Non-inter-level travel time spent in this place.
 C = Inter-level travel time spent in this place.
 D = Time resting spent in this place.
 E = Time spent auto-exploring this place.
 F = Levels seen in this place.
 G = Mean time per level.
                   A        B        C        D        E       F      G
               +--------+--------+--------+--------+--------+-----+--------+
         Total |    730 |    649 |     81 |      0 |    526 |   2 |  365.0 |
       Dungeon |    730 |    649 |     81 |      0 |    526 |   2 |  365.0 |
               +--------+--------+--------+--------+--------+-----+--------+

Top non-repeatable levels by time:
     D:1: 584 daAuts
     D:2: 146 daAuts
